 Dungeon Crawl Stone Soup version 0.19-a0-790-ge39e1af (console) character file.

3296 brucemayne the Cleaver (level 9, -14/65 HPs)
             Began as a Vampire Berserker on June 26, 2016.
             Was a Priest of Trog.
             Demolished by an orc knight
             ... wielding a +0 battleaxe
              (27 damage)
             ... in a bailey.
             The game lasted 00:10:44 (2245 turns).

brucemayne the Cleaver (Vampire Berserker)          Turns: 2245, Time: 00:10:45

Health: -14/65     AC: 13    Str: 24    XL:     9   Next: 70%
Magic:  9/9        EV:  7    Int: 10    God:    Trog [***...]
Gold:   143        SH:  0    Dex: 13    Spells: 0 memorised, 8 levels left

rFire  . . .     SeeInvis +     p - +0 hand axe (elec)
rCold  . . .     Gourm    .     q - +0 plate armour
rNeg   + . .     Faith    .     (no shield)
rPois  .         Spirit   .     (no helmet)
rElec  .         Dismiss  .     t - +0 cloak
rCorr  .         Reflect  .     (no gloves)
SustAt .         Harm     .     n - +0 pair of boots
MR     .....                    (no amulet)
Stlth  ..........               (no ring)
                                k - +2 ring of slaying

@: mighty, exhausted, slowed, very slow, not resistant to hostile enchantments,
extremely unstealthy
A: fangs 3, see invisible, unbreathing
a: Bat Form, Berserk, Trog's Hand, Burn Spellbooks, Renounce Religion


You were in a bailey.
You worshipped Trog.
Trog was most pleased with you.
You were not thirsty.

You visited 1 branch of the dungeon, and saw 10 of its levels.
You also visited: Bailey.

You collected 143 gold pieces.

Inventory:

Hand Weapons
 a - a +0 hand axe
 p - a +0 hand axe of electrocution (weapon)
 r - a +2 dagger of venom
 v - a +1 war axe
Missiles
 m - 12 tomahawks of returning (quivered)
Armour
 n - a +0 pair of boots (worn)
 q - a +0 plate armour (worn)
 t - a +0 cloak (worn)
Jewellery
 k - a +2 ring of slaying (left hand)
Scrolls
 d - 3 scrolls of identify
 e - a scroll of holy word
 i - a scroll of random uselessness {unknown}
 u - 2 scrolls of remove curse
Potions
 c - 9 potions of blood
 f - a potion of flight
 g - a potion of curing
 h - a potion of heal wounds {unknown}
 j - 2 potions of agility {unknown}
 l - a potion of resistance {unknown}
 o - 2 potions of brilliance {unknown}
 s - a potion of magic {unknown}
 x - a potion of cure mutation {unknown}


   Skills:
 + Level 3.9 Fighting
 - Level 12.0 Axes
 + Level 3.0 Armour
 - Level 2.1 Dodging


You had 8 spell levels left.
You didn't know any spells.

Dungeon Overview and Level Annotations

Branches:
Dungeon (10/15)
 Temple: D:4-7         Lair: D:8-11         Orc: D:9-12

Altars:
Elyvilon
Qazlal

Shops:
D:7 }   D:10 }


Innate Abilities, Weirdness & Mutations

You have razor-sharp teeth.
You have supernaturally acute eyesight. (SInv)
You can survive without breathing.


Message History

You slash the orc knight!
The orc knight is severely wounded.
Your orc knight shimmers and vanishes!
The orc knight hits you with a battleaxe!!
* * * LOW HITPOINT WARNING * * *
Unknown command.
You completely miss the orc knight. You bite the orc knight.
The orc knight is almost dead.
The orc knight barely misses you.
Unknown command.
You hit the orc knight but do no damage.
Your bite misses the orc knight.
The orc knight is almost dead.
The orc knight closely misses you. The orc warrior closely misses you.
Unknown command.
You closely miss the orc knight.
The orc knight is almost dead.
Your plate armour prevents you from hitting the orc warrior.
The orc knight hits you with a battleaxe!!
You die...

.o ....###..≈≈≈≈≈≈ ##
###..' #..≈≈≈≈≈≈ #..#
#....#≈≈≈ #..# #...##
## . ######..##
.K..#########.......#
...o..)............##
########.###########
#......o@).#
##..#..o.÷#(∩#
#############


You could see an orc knight and an orc warrior.

Vanquished Creatures
  An unseen horror (D:10)
  An orc knight (Bailey)
  A shadow (D:10)
  A steam dragon (D:10)
  Menkaure (D:4)
  Edmund (D:4)
  A water moccasin (D:10)
  An ogre (D:9)
  A black bear (D:6)
  2 orc warriors
  2 centaurs (D:10)
  A big kobold (D:8)
  4 giant frogs
  A wyvern skeleton (D:10)
  A scorpion (D:5)
  3 howler monkeys (D:10)
  3 crimson imps
  2 jellies
  2 hounds
  2 orc priests (D:6)
  A giant frog skeleton (D:8)
  7 orc wizards
  2 iguanas
  2 worker ants
  A worker ant zombie (D:10)
  3 adders
  A shadow imp (D:8)
  An ooze (D:1)
  A dart slug (D:1)
  5 giant geckos
  9 orcs
  A bat (D:2)
  A giant cockroach (D:4)
  6 goblins
  A hobgoblin (Bailey)
  12 kobolds
  A giant gecko skeleton (D:8)
  2 rats
89 creatures vanquished.

Vanquished Creatures (others)
  A quokka (D:3)
1 creature vanquished.

Grand Total: 90 creatures vanquished

Notes
Turn   | Place    | Note
--------------------------------------------------------------
     0 | D:1      | brucemayne the Vampire Berserker began the quest for the Orb.
     0 | D:1      | Reached XP level 1. HP: 17/17 MP: 1/1
    35 | D:1      | Reached skill level 3 in Axes
    60 | D:1      | Reached XP level 2. HP: 15/23 MP: 2/2
   305 | D:4      | Noticed Edmund
   312 | D:4      | Killed Edmund
   312 | D:4      | Reached skill level 5 in Axes
   312 | D:4      | Reached XP level 3. HP: 28/28 MP: 3/3
   312 | D:4      | Reached XP level 4. HP: 34/34 MP: 4/4
   312 | D:4      | Reached XP level 5. HP: 39/39 MP: 5/5
   350 | D:4      | Noticed Menkaure
   370 | D:4      | Killed Menkaure
   370 | D:4      | Reached skill level 6 in Axes
   442 | D:5      | Entered Level 5 of the Dungeon
   468 | D:5      | Reached XP level 6. HP: 26/46 MP: 6/6
   655 | D:7      | Found Cale's Gadget Shop.
   714 | D:7      | Reached skill level 7 in Axes
   776 | D:7      | Noticed an orc warrior
   833 | D:6      | Reached ** piety under Trog
   833 | D:6      | Reached XP level 7. HP: 27/51 MP: 7/7
   907 | D:6      | Reached skill level 8 in Axes
  1080 | D:5      | Found a stormy altar of Qazlal.
  1292 | D:7      | Reached skill level 9 in Axes
  1292 | D:7      | Reached XP level 8. HP: 57/57 MP: 8/8
  1522 | D:8      | Found a white marble altar of Elyvilon.
  1643 | D:8      | Reached skill level 10 in Axes
  1686 | D:10     | Entered Level 10 of the Dungeon
  1729 | D:10     | Noticed a hill giant
  1877 | D:10     | Reached skill level 11 in Axes
  1877 | D:10     | Reached XP level 9. HP: 41/62 MP: 9/9
  1911 | D:10     | Noticed an unseen horror
  1921 | D:10     | Killed an unseen horror
  1955 | D:10     | Found Biarr's Gadget Shop.
  2026 | D:10     | Reached *** piety under Trog
  2073 | D:10     | Reached skill level 12 in Axes
  2105 | D:10     | Found a flagged portal.
  2111 | Bailey   | Entered a bailey
  2131 | Bailey   | Noticed an orc knight
  2194 | Bailey   | Noticed an orc knight
  2220 | Bailey   | Killed an orc knight
  2245 | Bailey   | Demolished by an orc knight

Vault maps used:
D:1:      roderic_octagonal_star
D:2:      minmay_door_path, roderic_serpentine_path, minmay_misc_feat_square,
          uniq_natasha, uniq_jessica
D:3:      lemuel_old_faithful
D:4:      nicolae_overflow_quartered_altars, first_bread, xom_teletrap_fun,
          uniq_crazy_yiuf_cottage, uniq_edmund, uniq_menkaure
D:5:      old_standard_altar, st_stairs_7
D:6:      lemuel_crystal_altar
D:7:      serial_shops, shop, shop, grunt_ministairs_8
D:8:      kennysheep_ying_yang, david_lair_generic, serial_shops,
          nicolae_shop_stone
D:9:      cheibriados_altar_1, eat_drink_and_be_merry_uskayaw, serial_shops,
          nicolae_shop_competitors_out_of_business, shop, grunt_livestock
D:10:     enter_bailey_3, serial_shops, shop
Bailey:   bailey_axe_4, bailey

Skill      XL: |  1  2  3  4  5  6  7  8  9 |
---------------+----------------------------+-----
Axes           | 3 5 6 7 9 11 12 | 12.0
Fighting       | 3 |  3.9
Armour         | 3 |  3.0
Dodging        | |  2.1

Action                   |  1- 3 |  4- 6 |  7- 9 || total
-------------------------+-------+-------+-------++-------
Melee: Hand axe          |    27 |   106 |   223 ||   356
       Bite              |     4 |    11 |    22 ||    37
Invok: Berserk           |     3 |     4 |     5 ||    12
       Trog's Hand       |       |       |     7 ||     7
Evoke: Phantom mirror    |       |       |     1 ||     1
  Use: Potion            |       |     6 |    16 ||    22
       Scroll            |       |       |     8 ||     8
Armor: Animal skin       |     2 |       |       ||     2
       Leather armour    |     4 |       |       ||     4
       Chain mail        |       |    57 |     7 ||    64
       Ring mail         |       |     1 |       ||     1
       Plate armour      |       |       |   113 ||   113
Dodge: Dodged            |    14 |    35 |    65 ||   114
